 Dungeon Crawl Stone Soup version 0.31-a0-219-g8d62b2e7bb (webtiles) character file.

Game seed: 1701723289481369858

2702 Zonian the Thaumaturge (level 9, 0/45 HPs)
             Began as a Deep Elf Fire Elementalist on July 3, 2023.
             Was a Follower of Vehumet.
             Slain by Grum
             ... wielding a -2 spear
              (6 damage)
             ... on level 8 of the Dungeon.
             The game lasted 00:16:41 (10606 turns).

Zonian the Thaumaturge (DEFE)                      Turns: 10606, Time: 00:16:41

Health: 0/45       AC: 10    Str:  5    XL:     9   Next: 38%
Magic:  5/24       EV: 18    Int: 25    God:    Vehumet [*.....]
Gold:   433        SH:  0    Dex: 15    Spells: 19/27 levels left

rFire   . . .        z - +2 dagger (venom)
rCold   . . .        (no shield)
rNeg    . . .        a - +0 robe
rPois   .            E - +0 helmet
rElec   .            (no cloak)
rCorr   .            i - +0 pair of gloves
SInv    .            r - +1 pair of boots
Will    .....        (no amulet)
Stlth   +++          l - +5 ring of evasion
HPRegen 0.27/turn    c - +4 ring of protection
MPRegen 0.19/turn

%: no passive effects
@: invisible
A: no striking features
a: Renounce Religion


You were on level 8 of the Dungeon.
You worshipped Vehumet.
Vehumet was aware of your devotion.
You visited 2 branches of the dungeon, and saw 9 of its levels.

You collected 433 gold pieces.

Inventory:

Hand Weapons
 d - a +0 dagger
 k - a +2 whip of flaming
 t - a +1 dagger of electrocution
 x - a +0 sling
 z - a +2 dagger of venom (weapon)
Missiles
 q - 2 boomerangs
 s - 5 poisoned darts
Armour
 a - a +0 robe (worn)
 i - a +0 pair of gloves (worn)
 p - a +0 buckler
 r - a +1 pair of boots (worn)
 E - a +0 helmet (worn)
Magical Staves
 y - a staff of fire
Jewellery
 c - a +4 ring of protection (right hand)
 l - a +5 ring of evasion (left hand)
 m - a +5 ring of evasion
Scrolls
 e - 4 scrolls of teleportation
 g - 3 scrolls of immolation
 h - a scroll of amnesia
 o - a scroll of enchant armour
Potions
 b - a potion of magic
 f - 2 potions of might
 u - a potion of berserk rage {unknown}
 v - a potion of curing {unknown}
 w - a potion of attraction {unknown}
 A - 2 potions of ambrosia {unknown}
 B - a potion of mutation {unknown}
 C - a potion of enlightenment {unknown}
 D - 3 potions of brilliance {unknown}


   Skills:
 - Level 3.4 Dodging
 - Level 4.3 Stealth
 + Level 9.9 Spellcasting
 + Level 7.8 Conjurations
 + Level 8.5 Fire Magic


You had 19 spell levels left.
You knew the following spells:

 Your Spells              Type           Power      Damage    Failure   Level
a - Foxfire               Conj/Fire      100%       2x1d9     1%          1
b - Scorch                Fire           100%       2d9       1%          2
c - Magic Dart            Conj           100%       1d8       1%          1
d - Sticky Flame          Conj/Fire      52%        2d7       1%          4

Your spell library contained the following spells:

 Spells                   Type           Power      Damage    Failure   Level
 Shock                    Conj/Air       100%       1d9       1%          1
 Flame Wave               Conj/Fire      52%        2d13      1%          4
 Inner Flame              Hex/Fire       33%        N/A       2%          3
 Volatile Blastmotes      Fire/Tloc      66%        2d15      2%          3
 Hailstorm                Conj/Ice       32%        3d8       3%          3
 Freeze                   Ice            48%        1d6       4%          1
 Slow                     Hex            48%        N/A       4%          1
 Ignite Poison            Fire/Tmut/Pois 26%        N/A       4%          3
 Mephitic Cloud           Conj/Pois/Air  25%        N/A       4%          3
 Call Imp                 Summ           24%        N/A       8%          2
 Call Canine Familiar     Summ           12%        N/A       16%         3
 Confusing Touch          Hex            12%        N/A       16%         3
 Frozen Ramparts          Ice            24%        1d4       16%         3
 Gell's Gravitas          Tloc           12%        N/A       16%         3
 Portal Projectile        Hex/Tloc       24%        N/A       16%         3
 Teleport Other           Tloc           12%        N/A       16%         3
 Vampiric Draining        Necr           12%        2d6       16%         3
 Leda's Liquefaction      Hex/Erth       6%         N/A       45%         4
 Dispersal                Tloc           6%         N/A       100%        6
 Ignition                 Fire           26%        3d9       100%        8


Dungeon Overview and Level Annotations

Branches:
Dungeon (8/15)             Temple (1/1) D:6
   Lair: D:8-11

Altars:
Cheibriados
Dithmenos
Elyvilon
Fedhas
Gozag
Hepliaklqana
Kikubaaqudgha
Nemelex Xobeh
Qazlal
Ru
Sif Muna
Trog
Uskayaw
Vehumet
Wu Jian
Xom
Yredelemnul
Zin
The Shining One

Annotations:
D:8 Grum


Message History

Unknown command.
Your +2 dagger of venom begins to drip with poison!
z - a +2 dagger of venom (weapon)
The kobold brigand is no longer more vulnerable to fire.
Your orc priest calls down the wrath of Beogh upon the kobold brigand.
The kobold brigand is smitten.
Unknown command.
You hit the kobold brigand.
You kill the kobold brigand!
Vehumet accepts your kill.
Grum is no longer more vulnerable to fire.
Grum misses you.
Unknown command.
Your orc priest dissolves into shadows!
Things that are here:
a +0 short sword; a curare-tipped dart You see here a +0 short sword.
Grum zaps a wand.
The puff of flame misses you.
Grum zaps a wand.
The puff of flame misses you.
Casting: Scorch (safe; 1% risk of failure)
Confirm with . or Enter, or press ? or * to list all spells.
Flames lash the wolf.
The wolf is heavily wounded.
The wolf's fire resistance burns away.
Unknown command.
Casting: Scorch (safe; 1% risk of failure)
Confirm with . or Enter, or press ? or * to list all spells.
Flames lash the wolf.
The wolf is burned terribly!
You kill the wolf!
Vehumet accepts your kill.
Unknown command.
Casting: Scorch (safe; 1% risk of failure)
Confirm with . or Enter, or press ? or * to list all spells.
Flames lash Grum.
Grum is lightly wounded.
Grum's fire resistance burns away.
Grum zaps a wand.
The puff of flame misses you.
Unknown command.
Grum hits you from afar with a -2 spear.
You die...

########## #.....>..#
#############.######.#
#.#...h..)gh.##.# #.#
#....hg#####)##.# #..
###.##.#####)##.# ###
# #.@...z....# ##
#######)##########.
#.. ....... ...
.#####. ....# ##
.##.## # .. ..# .. ##


You could see Grum (unable to see you, combustible), 2 wolves and a wight
(wandering, unable to see you).

Vanquished Creatures
  2 ice beasts
  A black bear (D:6)
  An ogre (D:6)
  A centaur (D:6)
  A lemure (D:7)
  2 wolves (D:8)
  A kobold brigand (D:8)
  5 bullfrogs
  5 scorpions
  4 wights (D:8)
  4 hounds
  2 sleepcaps
  3 iguanas
  3 orc wizards
  13 adders
  A shadow imp (D:7)
  2 white imps
  2 ufetubi
  2 worms (D:2)
  4 dart slugs
  22 orcs
  4 bats
  6 endoplasms
  5 giant cockroaches
  10 hobgoblins
  7 quokkas
  5 ball pythons
  A frilled lizard (D:1)
  11 goblins
  10 kobolds
  8 rats
148 creatures vanquished.

Vanquished Creatures (collateral kills)
  Pikel (D:7)
  A bullfrog (D:7)
  2 wights (D:8)
  A kobold (D:8)
5 creatures vanquished.

Vanquished Creatures (others)
  517 foxfires
517 creatures vanquished.

Grand Total: 670 creatures vanquished

Notes
Turn   | Place    | Note
-------+----------+-------------------------------------------
     0 | D:1      | Zonian the Deep Elf Fire Elementalist began the quest for
                  | the Orb.
     0 | D:1      | Reached XP level 1. HP: 10/10 MP: 6/6
   452 | D:1      | Reached XP level 2. HP: 15/15 MP: 2/8
  1140 | D:1      | You fall into a shaft and drop 1 floor!
  1233 | D:2      | Reached XP level 3. HP: 16/19 MP: 5/9
  2033 | D:2      | Learned a level 2 spell: Scorch
  2736 | D:2      | Found a snail-covered altar of Cheibriados.
  2744 | D:2      | Reached XP level 4. HP: 24/24 MP: 8/11
  3791 | D:3      | Reached skill level 4 in Spellcasting
  5037 | D:4      | Noticed a scorpion
  5072 | D:4      | Reached XP level 5. HP: 28/28 MP: 6/13
  5298 | D:4      | Learned a level 1 spell: Magic Dart
  5764 | D:4      | Found an opulent altar of Gozag.
  5766 | D:4      | Found a glowing golden altar of the Shining One.
  6107 | D:4      | Reached XP level 6. HP: 32/32 MP: 6/15
  6402 | D:4      | Reached skill level 5 in Spellcasting
  6735 | D:5      | Entered Level 5 of the Dungeon
  6818 | D:5      | Reached skill level 5 in Fire Magic
  7075 | D:5      | Reached XP level 7. HP: 36/36 MP: 9/17
  7311 | D:5      | Reached skill level 6 in Spellcasting
  7886 | D:6      | Reached skill level 5 in Conjurations
  8299 | D:6      | Found a staircase to the Ecumenical Temple.
  8317 | Temple   | Entered the Ecumenical Temple
  8368 | Temple   | Became a worshipper of Vehumet
  8431 | D:6      | Reached skill level 7 in Spellcasting
  8530 | D:6      | Reached XP level 8. HP: 40/41 MP: 13/20
  8996 | D:6      | Found a sparkling altar of Nemelex Xobeh.
  9414 | D:7      | Learned a level 4 spell: Sticky Flame
  9559 | D:7      | Reached skill level 8 in Spellcasting
  9762 | D:7      | Found a shimmering altar of Xom.
  9764 | D:7      | Found a basalt altar of Yredelemnul.
  9765 | D:7      | Found a bloodstained altar of Trog.
 10207 | D:7      | Noticed Pikel
 10225 | D:7      | Killed Pikel
 10226 | D:7      | Reached skill level 9 in Spellcasting
 10226 | D:7      | Reached XP level 9. HP: 23/45 MP: 8/24
 10578 | D:8      | Reached * piety under Vehumet
 10578 | D:8      | Offered knowledge of Shock by Vehumet.
 10582 | D:8      | Noticed Grum
 10591 | D:8      | HP: 2/45 [kobold brigand/+0 short sword (2)]
 10606 | D:8      | Slain by Grum

Illustrated notes

Levels and vault maps discovered:
D:1:      evilmike_arrival_fibonacci_small, layout_loops_corners
D:2:      layout_basic, basic_altar, minmay_octomino_e4
D:3:      layout_basic, nrook_mini_backslash
D:4:      cheibrodos_greedy_goblins, layout_cave_pools, minitemple,
          nicolae_hexahallways
D:5:      layout_loops_ring
D:6:      layout_rooms, nemelex_spade_bored_becter, minmay_temple_entry_glass,
          minmay_pentangle
D:7:      layout_basic, gammafunk_temple_overflow_forgotten, uniq_pikel
D:8:      layout_loops_ring, uniq_grum
Temple:   compressed_dpeg_triangle_lava_temple

Skill      XL: |  1  2  3  4  5  6  7  8  9 |
---------------+----------------------------+-----
Stealth        | 3 4 |  4.3
Dodging        | 3 |  3.4
Conjurations   | 2 3 4 5 7 |  7.8
Spellcasting   | 4 5 7 9 |  9.9
Fire Magic     | 4 5 6 7 8 |  8.5

Action                     |  1- 3 |  4- 6 |  7- 9 || total
---------------------------+-------+-------+-------++-------
  Melee: Dagger            |    35 |    51 |    13 ||    99
         Unarmed           |     2 |       |       ||     2
         Staff             |       |       |     7 ||     7
   Cast: Foxfire           |    87 |   133 |   134 ||   354
         Scorch            |     4 |    20 |    54 ||    78
    Use: Potion            |     1 |       |     2 ||     3
         Scroll            |       |     9 |     6 ||    15
   Stab: Sleeping          |     3 |       |       ||     3
         Invisible         |       |       |     1 ||     1
 Armour: Robe              |    10 |     6 |    11 ||    27
  Dodge: Dodged            |    53 |    55 |    62 ||   170
  Block: Buckler           |       |     3 |       ||     3

Table legend: (Time is in decaauts)
 A = Elapsed time spent in this place.
 B = Non-inter-level travel time spent in this place.
 C = Inter-level travel time spent in this place.
 D = Time resting spent in this place.
 E = Time spent auto-exploring this place.
 F = Levels seen in this place.
 G = Mean time per level.
                   A        B        C        D        E       F      G
               +--------+--------+--------+--------+--------+-----+--------+
         Total |  10593 |  10216 |    377 |   2197 |   6520 |   9 | 1177.0 |
       Dungeon |  10527 |  10164 |    363 |   2197 |   6479 |   8 | 1315.9 |
        Temple |     65 |     51 |     14 |      0 |     41 |   1 |   65.0 |
               +--------+--------+--------+--------+--------+-----+--------+

Top non-repeatable levels by time:
     D:2: 2009 daAuts
     D:1: 1754 daAuts
     D:4: 1741 daAuts
     D:6: 1418 daAuts
     D:3: 1214 daAuts
     D:7: 1098 daAuts
     D:5: 1077 daAuts
     D:8: 213 daAuts
  Temple: 65 daAuts
